 Dungeon Crawl Stone Soup version 0.29.1-2-gbd0b4ee654 (webtiles) character file.

Game seed: 13577053799006528017

306 oldmanjim the Chopper (level 6, -5/56 HPs)
             Began as a Hill Orc Fighter on Nov 17, 2022.
             Was an Initiate of Beogh.
             Killed by divine providence
             ... invoked by an orc priest
              (15 damage)
             ... on level 3 of the Dungeon on Nov 18, 2022.
             The game lasted 00:09:43 (3309 turns).

oldmanjim the Chopper (Hill Orc Fighter)            Turns: 3309, Time: 00:09:45

Health: -5/56      AC:  6    Str: 21    XL:     6   Next: 39%
Magic:  6/6        EV:  9    Int:  8    God:    Beogh [......]
Gold:   114        SH:  5    Dex: 10    Spells: 5/5 levels left

rFire   . . .      SeeInvis .   a - +0 war axe
rCold   . . .      Faith    .   c - +0 buckler
rNeg    . . .      Spirit   .   b - +0 scale mail
rPois   .          Reflect  .   (no helmet)
rElec   .          Harm     .   (no cloak)
rCorr   .          Rampage  .   (no gloves)
Will    .....                   (no boots)
Stlth   ..........              (no amulet)
HPRegen 0.18/turn               (no ring)
MPRegen 0.10/turn               (no ring)

@: lethally poisoned (-5 -> -12)
A: no striking features
a: Renounce Religion


You were on level 3 of the Dungeon.
You worshipped Beogh.
Beogh was noncommittal.
You visited 1 branch of the dungeon, and saw 3 of its levels.

You collected 114 gold pieces.

Inventory:

Hand Weapons
 a - a +0 war axe (weapon)
Missiles
 g - 3 poisoned darts
 h - 6 boomerangs
 j - 13 stones (quivered)
 m - 3 atropa-tipped darts
Armour
 b - a +0 scale mail (worn)
 c - a +0 buckler (worn)
Wands
 w - a wand of mindburst (6)
Scrolls
 e - a scroll of identify {unknown}
 n - a scroll of blinking {unknown}
 o - a scroll of butterflies {unknown}
 p - a scroll of poison {unknown}
 s - a scroll of vulnerability {unknown}
 t - 2 scrolls of amnesia {unknown}
 u - a scroll of enchant weapon {unknown}
 v - a scroll of magic mapping {unknown}
Potions
 d - 2 potions of might
 f - 2 potions of mutation {unknown}
 i - 3 potions of degeneration {unknown}
 k - a potion of lignification {unknown}
 l - 2 potions of curing {unknown}
 q - 2 potions of heal wounds {unknown}
 r - a potion of attraction {unknown}


   Skills:
 - Level 5.0 Fighting
 + Level 6.3 Axes
 - Level 3.2 Armour
 - Level 5.0 Shields


You had 5 spell levels left.
You didn't know any spells.
Your spell library contained the following spells:

 Spells                   Type           Power      Damage    Failure   Level
 Ensorcelled Hibernation  Hex/Ice        0%         N/A       92%         2
 Passwall                 Tmut/Erth      0%         N/A       92%         2
 Ignite Poison            Fire/Tmut/Pois 0%         N/A       99%         3
 Spider Form              Tmut/Pois      0%         N/A       99%         3
 Swiftness                Air            0%         N/A       99%         3
 Alistair's Intoxication  Tmut/Pois      0%         N/A       100%        5


Dungeon Overview and Level Annotations

Branches:
Dungeon (3/15)

Altars:
Dithmenos

Annotations:
D:2 1 runed translucent door, exclusion: door, Crazy Yiuf


Message History

You kill the frilled lizard!
Beogh accepts your kill.
The orc priest mumbles some strange prayers to Beogh against you.
Beogh smites you!
The orc priest zaps a wand.
You suddenly lose the ability to move!
The orc priest hits you from afar with a +0 trident. x2
The orc priest zaps a wand.
You shrug off the repeated paralysis!
You can move again.
The orc priest looks satisfied for a moment.
Things that are here:
a +0 club; an orc corpse You barely miss the orc priest.
An orc comes into view. It is wielding a +1 dagger of venom.
The orc priest hits you with a +0 trident.
You closely miss the orc priest.
The orc shouts!
The orc priest hits you but does no damage.
You barely miss the orc priest.
The orc priest hits you with a +0 trident.
You barely miss the orc priest.
The orc priest hits you with a +0 trident.
You hit the orc priest.
The orc priest is moderately wounded.
You barely miss the orc. You block the orc's attack.
The orc priest closely misses you. The orc closely misses you.
The orc priest hits you with a +0 trident!
* * * LOW HITPOINT WARNING * * *
You hit the orc priest.
The orc priest is heavily wounded.
You barely miss the orc. You block the orc's attack.
The orc priest hits you with a +0 trident.
* * * LOW HITPOINT WARNING * * *
You closely miss the orc priest.
The orc priest is heavily wounded.
You barely miss the orc. The orc hits you but does no damage.
You are poisoned.
The orc priest calls down the wrath of Beogh upon you.
Beogh smites you!
You die...
Beogh appreciates the orc priest's killing of a heretic priest.

#.## .. #.# #..####
.# ##. ##..#.##.# .
#.# ##...)'.# ..
### ########...##.#
... #......#....##
....
#......#.....#.....
..........oo......
##.......@###..
#.....$..# . .
#........# # #
#....)...# .# #
#....)))....#..#
.##
#......###'##..#
..# #......#
#.##..♣ ♣.#
#......# #.##..+
♣.# #......#
#.##..♣ ♣♣.#


You could see an orc priest and an orc.

Vanquished Creatures
  A hound (D:3)
  3 orc wizards
  6 gnolls
  7 adders
  4 dart slugs
  8 orcs
  3 endoplasms
  5 giant cockroaches
  5 goblins
  3 hobgoblins
  4 jackals (D:1)
  4 kobolds
  2 quokkas
  6 ball pythons
  2 bats
  5 frilled lizards
  3 rats
71 creatures vanquished.

Vanquished Creatures (others)
  An orc (D:3)
  An endoplasm (D:3)
  A rat (D:3)
  14 plants
17 creatures vanquished.

Grand Total: 88 creatures vanquished

Notes
Turn   | Place    | Note
-------+----------+-------------------------------------------
     0 | D:1      | oldmanjim the Hill Orc Fighter began the quest for the Orb.
     0 | D:1      | Reached XP level 1. HP: 19/19 MP: 1/1
   153 | D:1      | Reached skill level 3 in Axes
   156 | D:1      | Reached XP level 2. HP: 22/27 MP: 2/2
   731 | D:1      | Reached XP level 3. HP: 33/33 MP: 3/3
   952 | D:2      | Reached XP level 4. HP: 33/41 MP: 4/4
  1108 | D:2      | Reached skill level 4 in Axes
  1751 | D:2      | Found a runed translucent door.
  1752 | D:2      | Noticed Crazy Yiuf
  2066 | D:2      | Reached XP level 5. HP: 5/47 MP: 5/5
  2412 | D:3      | Reached skill level 5 in Fighting
  2685 | D:3      | Reached skill level 5 in Axes
  2717 | D:3      | Reached skill level 5 in Shields
  2917 | D:3      | Reached XP level 6. HP: 48/56 MP: 6/6
  3044 | D:3      | Got Sif Muna's Directory of Fetid Embers
  3141 | D:3      | Found a shadowy altar of Dithmenos.
  3146 | D:3      | Became a worshipper of Beogh the Brigand
  3165 | D:3      | Reached skill level 6 in Axes
  3298 | D:3      | Paralysed by an orc priest for 4 turns
  3309 | D:3      | Killed from afar by an orc priest

Illustrated notes

Levels and vault maps discovered:
D:1:      saegor_arrival_simple_e, layout_basic
D:2:      cheibrodos_old_hovel, layout_loops_ring, uniq_crazy_yiuf_cottage
D:3:      minmay_diamond_boxcup, layout_basic, mainiacjoe_overflow_tiny_flanked,
          dilly_ecumenical_altar_fadedgnrine, minmay_fractal_squares_gapless_5

Skill      XL: |  1  2  3  4  5  6 |
---------------+-------------------+-----
Axes           | 3 4 5 6 |  6.3
Fighting       | 4 5 |  5.0
Shields        | 4 5 |  5.0
Armour         | |  3.2

Action                   |  1- 3 |  4- 6 || total
-------------------------+-------+-------++-------
Melee: War axe           |    74 |   175 ||   249
Throw: Stone             |       |     4 ||     4
Invok: Convert to Beogh  |       |     1 ||     1
Armor: Scale mail        |    37 |    87 ||   124
Dodge: Dodged            |    39 |    79 ||   118
Block: Buckler           |    14 |    44 ||    58
